 Dungeon Crawl Stone Soup version 0.29.0-4-gdea44cf6ec (webtiles) character file.

Game seed: 7877003718124375924

30 qw the Chopper (level 3, -1/21 HPs)
             Began as a Tengu Warper on Aug 28, 2022.
             Slain by Sigmund
             ... wielding a +0 scythe of distortion
              (8 damage)
             ... on level 2 of the Dungeon.
             The game lasted 00:00:05 (1423 turns).

qw the Chopper (Tengu Warper)                       Turns: 1423, Time: 00:00:06

Health: -1/21      AC:  5    Str: 13    XL:     3   Next: 18%
Magic:  7/7        EV: 11    Int: 13    God:
Gold:   52         SH:  5    Dex: 13    Spells: 6/6 levels left

rFire   . . .      SeeInvis .   Y - +0 hand axe
rCold   . . .      Faith    .   (no shield)
rNeg    . . .      Spirit   .   i - +0 ring mail
rPois   .          Reflect  +   (helmet restricted)
rElec   .          Harm     .   (no cloak)
rCorr   .          Rampage  .   (no gloves)
Will    .....                   (boots unavailable)
Stlth   +.........              d - amulet of reflection
HPRegen 0.07/turn               (no ring)
MPRegen 0.10/turn               (no ring)

@: no status effects
A: beak, talons 3
a: no special abilities


You were on level 2 of the Dungeon.
You visited 1 branch of the dungeon, and saw 2 of its levels.

You collected 52 gold pieces.


Innate Abilities, Weirdness & Mutations

You have a beak for a mouth.
You have claws for feet.


   Skills:
 - Level 2.0 Fighting
 + Level 3.9 Axes
 - Level 1.0 Throwing
 - Level 1.1 Armour
 - Level 2.1 Dodging
 - Level 2.0 Spellcasting
 - Level 2.4 Translocations


You had 6 spell levels left.
You didn't know any spells.
Your spell library contained the following spells:

 Spells                   Type           Power      Damage    Failure   Level
 Blink                    Tloc           14%        N/A       30%         2
 Gell's Gravitas          Tloc           7%         N/A       52%         3
 Lesser Beckoning         Tloc           7%         N/A       52%         3
 Teleport Other           Tloc           7%         N/A       52%         3
 Manifold Assault         Tloc           7%         N/A       99%         5

Inventory:

Hand Weapons
 e - a +0 whip
 Y - a +0 hand axe (weapon)
Armour
 i - a +0 ring mail (worn)
Jewellery
 d - an amulet of reflection (around neck)
Potions
 a - 2 potions of curing {unknown}
 h - a potion of haste {unknown}
 j - a potion of attraction {unknown}

Dungeon Overview and Level Annotations

Branches:
Dungeon (2/15)

Altars:

Annotations:
D:2 Sigmund


Message History

You barely miss the giant cockroach. You claw the giant cockroach.
You peck the giant cockroach, but do no damage.
The giant cockroach is heavily wounded.
The giant cockroach barely misses you.
You barely miss the giant cockroach.
The giant cockroach is heavily wounded.
You completely miss the hobgoblin. The giant cockroach barely misses you.
The hobgoblin hits you but does no damage.
You hit the giant cockroach but do no damage.
You claw the giant cockroach.
You kill the giant cockroach!
You hit the hobgoblin. You block the hobgoblin's attack.
You hit the hobgoblin.
You kill the hobgoblin!
You see here a giant cockroach corpse.
a - 2 grey potions Sigmund the Dreaded comes into view.
He is wielding a +0 scythe of distortion.
Found 7 gold pieces.
Sigmund shouts!
Enter note:
Enter note:
1415 ||| Stepping ~*~*~tactically~*~*~ (hiding).
You start waiting.
Sigmund is nearby!
1417 ||| Stepping ~*~*~tactically~*~*~ (hiding).
You start waiting.
Sigmund is nearby!
Sigmund closely misses you.
You barely miss Sigmund. Your kick misses Sigmund.
You peck Sigmund, but do no damage.
Sigmund hits you with a +0 scythe of distortion.
Space warps around you.
You barely miss Sigmund. Your kick misses Sigmund. You barely miss Sigmund.
Your peck misses Sigmund. Sigmund casts a spell at you.
The magic dart hits you.
Sigmund hits you with a +0 scythe of distortion!
You die...

¤....¤...¤#.# ##..
¤¤
~¤~.~~~~¤.#.#####...
#¤. #~.¤#
#~........... #~.~
#~.~# #~..######...
#~.~###¤.¤###~.##
##.. ~.~~~~~.~¤~~~.#
##. ......¤.¤.....#
#. ###...######## #%
#..@...............#
#.@################.
#.$# #. #... #. ....
#. ...... #. .....@.
#. .#..$.... #.


You could see Sigmund.

Vanquished Creatures
  5 endoplasms
  A giant cockroach (D:2)
  A goblin (D:1)
  3 hobgoblins
  3 jackals (D:1)
  3 quokkas (D:1)
  2 ball pythons (D:1)
  2 bats (D:1)
  A frilled lizard (D:1)
  4 kobolds (D:1)
  A rat (D:1)
26 creatures vanquished.

Vanquished Creatures (others)
  2 fungi (D:2)
  2 plants (D:2)
4 creatures vanquished.

Grand Total: 30 creatures vanquished

Notes
Turn   | Place    | Note
-------+----------+-------------------------------------------
     0 | D:1      | qw the Tengu Warper began the quest for the Orb.
     0 | D:1      | Reached XP level 1. HP: 12/12 MP: 4/4
     0 | D:1      | 0 ||| qw: Version: 0.1-a-89-g26bdef1
     0 | D:1      | 0 ||| qw: Game counter: 2985
     0 | D:1      | 0 ||| qw: Always use a shield: true
     0 | D:1      | 0 ||| qw: God list: Okawaru
     0 | D:1      | 0 ||| qw: Allow faded altars: false
     0 | D:1      | 0 ||| qw: Do Orc after D:15 true
     0 | D:1      | 0 ||| qw: Do second Lair branch before Depths: true
     0 | D:1      | 0 ||| qw: Lair rune preference: random
     0 | D:1      | 0 ||| qw: Plans: Normal
     0 | D:1      | 0 ||| PLANNING D:1-11
   196 | D:1      | 196 ||| Stepping ~*~*~tactically~*~*~ (stealth).
   383 | D:1      | Reached skill level 3 in Axes
   383 | D:1      | Reached XP level 2. HP: 17/17 MP: 6/6
   668 | D:1      | 668 ||| Stepping ~*~*~tactically~*~*~ (stealth).
   829 | D:1      | Reached XP level 3. HP: 21/21 MP: 7/7
  1159 | D:1      | 1159 ||| UPGRADING to +0 ring mail.
  1169 | D:1      | 1169 ||| DROPPING +0 leather armour.
  1170 | D:1      | 1170 ||| UPGRADING to amulet of reflection.
  1175 | D:1      | 1175 ||| READING scroll labelled DEEMI OGHOTSA.
  1276 | D:1      | 1276 ||| READING scroll labelled XUTYEM PIUDECH.
  1277 | D:1      | 1277 ||| DROPPING scroll of blinking.
  1414 | D:2      | Noticed Sigmund
  1415 | D:2      | 1415 ||| Stepping ~*~*~tactically~*~*~ (hiding).
  1417 | D:2      | 1417 ||| Stepping ~*~*~tactically~*~*~ (hiding).
  1423 | D:2      | Slain by Sigmund

Levels and vault maps discovered:
D:1:      dpeg_arrival_chambers_temple_mockup, layout_basic
D:2:      layout_loops_ring, shapermc_ecumenical_altar_rom_forum,
          kennysheep_boxes, uniq_sigmund

Skill      XL: |  1 |
---------------+----+-----
Axes           | 3 |  3.9
Fighting       | |  2.0
Throwing       | |  1.0
Armour         | |  1.1
Dodging        | |  2.1
Spellcasting   | |  2.0
Translocations | |  2.4

Action                   || total
-------------------------++-------
Melee: Hand axe          ||    46
       Kick              ||    12
       Peck              ||     9
Throw: Boomerang         ||     7
  Use: Scroll            ||     2
Armor: Leather armour    ||    11
       Ring mail         ||     1
Dodge: Dodged            ||    32
Block: Other             ||     1

Table legend:
 A = Non-vault XP
 B = Vault XP
 C = Vault XP percentage of total XP
 D = Non-vault monster count
 E = Vault monster count
 F = Vault count percentage of total count
                 A         B        C        D         E       F
            +---------+---------+-------+---------+---------+-------
      Total |      43 |       0 |   0.0 |      26 |       0 |   0.0
            +---------+---------+-------+---------+---------+-------
        D:1 |      37 |       0 |   0.0 |      23 |       0 |   0.0
        D:2 |       6 |       0 |   0.0 |       3 |       0 |   0.0
            +---------+---------+-------+---------+---------+-------
